 Dungeon Crawl Stone Soup version 0.30-a0-1075-gcd70e7a56d (webtiles) character file.

Game seed: 12034656864643247426

115 jimonade the Grasshopper (level 5, -2/43 HPs)
             Began as a Gnoll Warper on Apr 15, 2023.
             Slain by an orc priest
             ... wielding a +0 whip
              (5 damage)
             ... on level 3 of the Dungeon.
             The game lasted 00:04:55 (2831 turns).

jimonade the Grasshopper (Gnoll Warper)             Turns: 2831, Time: 00:04:56

Health: -2/43      AC:  4    Str: 11    XL:     5   Next: 0%
Magic:  12/12      EV: 13    Int: 12    God:
Gold:   91         SH:  0    Dex: 13    Spells: 14/14 levels left

rFire   . . .      SeeInvis .    a - +0 falchion
rCold   . . .      Faith    .    (no shield)
rNeg    . . .      Spirit   .    r - +0 leather armour
rPois   .          Reflect  .    t - +0 helmet
rElec   .          Rampage  .    (no cloak)
rCorr   .                        (no gloves)
Will    .....                    (no boots)
Stlth   +                        g - amulet of regeneration
HPRegen 1.07/turn                (no ring)
MPRegen 0.13/turn                (no ring)

@: no status effects
A: fangs 1, strong nose, distributed training
a: no special abilities


You were on level 3 of the Dungeon.
You visited 1 branch of the dungeon, and saw 4 of its levels.

You collected 187 gold pieces.
You spent 96 gold pieces at shops.

Inventory:

Hand Weapons
 a - a +0 falchion (weapon)
 b - a +0 arbalest
Missiles
 d - 7 boomerangs of dispersal (quivered)
Armour
 r - a +0 leather armour (worn)
 t - a +0 helmet (worn)
Magical Staves
 j - a staff of earth
Jewellery
 g - an amulet of regeneration (around neck)
Wands
 u - a wand of mindburst (23)
Scrolls
 c - 4 scrolls of blinking
 e - a scroll of poison {unknown}
 h - a scroll of immolation {unknown}
 i - a scroll of vulnerability {unknown}
 k - a scroll of amnesia {unknown}
 n - 3 scrolls of identify {unknown}
 o - a scroll of enchant weapon {unknown}
 v - a scroll of teleportation {unknown}
 y - a scroll of summoning {unknown}
Potions
 f - 5 potions of haste {unknown}
 l - 2 potions of heal wounds {unknown}
 m - 2 potions of brilliance {unknown}
 p - a potion of degeneration {unknown}
 q - a potion of curing {unknown}
 s - a potion of resistance {unknown}
 w - a potion of attraction {unknown}
 x - 3 potions of lignification
 z - a potion of berserk rage


   Skills:
 + Level 4.7 Fighting
 + Level 1.3 Short Blades
 + Level 4.7 Long Blades
 + Level 1.3 Axes
 + Level 1.3 Maces & Flails
 + Level 1.3 Polearms
 + Level 1.3 Staves
 + Level 1.3 Ranged Weapons
 + Level 2.9 Throwing
 + Level 2.9 Armour
 + Level 4.7 Dodging
 + Level 1.3 Stealth
 + Level 1.3 Shields
 + Level 1.3 Unarmed Combat
 + Level 5.1 Spellcasting
 + Level 1.1 Conjurations
 + Level 1.1 Hexes
 + Level 1.1 Summonings
 + Level 1.1 Necromancy
 + Level 5.5 Translocations
 + Level 1.1 Transmutations
 + Level 1.1 Fire Magic
 + Level 1.1 Ice Magic
 + Level 1.1 Air Magic
 + Level 1.1 Earth Magic
 + Level 1.1 Poison Magic
 + Level 1.5 Invocations
 + Level 1.3 Evocations


You had 14 spell levels left.
You didn't know any spells.
Your spell library contained the following spells:

 Spells                   Type           Power      Damage    Failure   Level
 Blink                    Tloc           32%        N/A       4%          2
 Lesser Beckoning         Tloc           32%        N/A       4%          2
 Teleport Other           Tloc           16%        N/A       8%          3
 Vhi's Electric Charge    Tloc/Air       22%        N/A       19%         3
 Static Discharge         Conj/Air       10%        2-3/arc   24%         2
 Manifold Assault         Tloc           16%        N/A       26%         4
 Inner Flame              Hex/Fire       5%         N/A       43%         3
 Ozocubu's Armour         Ice            5%         N/A       43%         3
 Airstrike                Air            2%         2d(1-17)  85%         4
 Summon Lightning Spire   Summ/Air       5%         N/A       85%         4
 Metabolic Englaciation   Hex/Ice        2%         N/A       99%         5
 Yara's Violent Unravell  Hex/Tmut       2%         3d3       99%         5
 Simulacrum               Ice/Necr       2%         N/A       100%        6
 Enfeeble                 Hex            2%         N/A       100%        7


Dungeon Overview and Level Annotations

Branches:
Dungeon (4/15)
 Temple: D:4-7

Altars:
Hepliaklqana
Kikubaaqudgha
Nemelex Xobeh
Sif Muna

Shops:
D:3 !


Innate Abilities, Weirdness & Mutations

You have very sharp teeth.
Your uncanny sense of smell can sniff out nearby items.
Your experience applies equally to all skills.


Message History

The orc barely misses you.
You closely miss the orc. You bite the orc.
The orc is heavily wounded.
An orc breaks down the door.
You barely miss the orc.
The orc is heavily wounded.
The orc closely misses you. The orc priest completely misses you.
You hit the orc priest.
The orc priest is lightly wounded.
The orc closely misses you. The orc priest misses you.
You hit the orc priest but do no damage.
The orc priest is lightly wounded.
The orc hits you with a +0 mace.
The orc priest mumbles some strange prayers to Beogh against you.
Beogh smites you!
You hit the orc priest.
The orc priest is lightly wounded.
The orc barely misses you.
The orc priest calls down the wrath of Beogh upon you.
Beogh smites you!
* * * LOW HITPOINT WARNING * * *
You hit the orc priest but do no damage.
The orc priest is lightly wounded.
The orc completely misses you. The orc priest hits you with a +0 whip.
* * * LOW HITPOINT WARNING * * *
You slash the orc priest!
The orc priest is heavily wounded.
The orc hits you with a +0 mace.
* * * LOW HITPOINT WARNING * * *
The orc priest hits you but does no damage.
You barely miss the orc priest.
You bite the orc priest, but do no damage.
The orc priest is heavily wounded.
The orc hits you with a +0 mace.
* * * LOW HITPOINT WARNING * * *
The orc priest closely misses you.
You closely miss the orc priest.
The orc priest is heavily wounded.
The orc misses you. The orc priest hits you with a +0 whip.
You die...

###### #....## #.#.#.#####
##.........# #############
####.#.#.#....# #...........#
...##.........#####.#########.#
...'..#.#.....'o@##.##......#.#
...##.........##o##....####.#.#
...##.#............##### #.#.#
#####.#######......# #.#.# #.#
##......# #.#.# #.# #...#+###
#.#.# #.# #...#+### #.#.# #.#
#.......# #.#.#
#####.######.......########.#.#


You could see an orc priest and an orc.

Vanquished Creatures
  5 adders
  2 worms
  2 dart slugs
  13 ball pythons
  3 bats
  4 endoplasms
  4 giant cockroaches
  3 goblins
  3 hobgoblins
  2 quokkas
  5 frilled lizards
  8 kobolds
  5 rats
  A spectral kobold (D:4)
60 creatures vanquished.

Vanquished Creatures (others)
  A fungus (D:3)
  4 plants (D:2)
5 creatures vanquished.

Grand Total: 65 creatures vanquished

Notes
Turn   | Place    | Note
-------+----------+-------------------------------------------
     0 | D:1      | jimonade the Gnoll Warper began the quest for the Orb.
     0 | D:1      | Reached XP level 1. HP: 20/20 MP: 6/6
    80 | D:1      | Reached XP level 2. HP: 26/26 MP: 7/7
   510 | D:1      | Reached skill level 5 in Spellcasting
   510 | D:1      | Reached XP level 3. HP: 31/31 MP: 7/9
  1021 | D:2      | Reached skill level 1 in Invocations
  1079 | D:2      | Reached skill level 1 in Short Blades
  1079 | D:2      | Reached skill level 1 in Axes
  1079 | D:2      | Reached skill level 1 in Maces & Flails
  1079 | D:2      | Reached skill level 1 in Polearms
  1079 | D:2      | Reached skill level 1 in Staves
  1079 | D:2      | Reached skill level 1 in Ranged Weapons
  1079 | D:2      | Reached skill level 1 in Stealth
  1079 | D:2      | Reached skill level 1 in Shields
  1079 | D:2      | Reached skill level 1 in Unarmed Combat
  1079 | D:2      | Reached skill level 1 in Evocations
  1109 | D:2      | Reached XP level 4. HP: 38/38 MP: 11/11
  1176 | D:2      | Found a faded altar of an unknown god.
  1308 | D:2      | Reached skill level 1 in Conjurations
  1308 | D:2      | Reached skill level 1 in Hexes
  1308 | D:2      | Reached skill level 1 in Summonings
  1308 | D:2      | Reached skill level 1 in Necromancy
  1308 | D:2      | Reached skill level 1 in Transmutations
  1308 | D:2      | Reached skill level 1 in Fire Magic
  1308 | D:2      | Reached skill level 1 in Ice Magic
  1308 | D:2      | Reached skill level 1 in Air Magic
  1308 | D:2      | Reached skill level 1 in Earth Magic
  1308 | D:2      | Reached skill level 1 in Poison Magic
  1616 | D:3      | Found a sparkling altar of Nemelex Xobeh.
  2033 | D:3      | Found an ancient bone altar of Kikubaaqudgha.
  2472 | D:3      | Found a shimmering blue altar of Sif Muna.
  2573 | D:3      | Found Zejaaf's Distillery.
  2658 | D:3      | Bought a potion of berserk rage for 60 gold pieces
  2658 | D:3      | Bought a potion of lignification for 36 gold pieces
  2753 | D:4      | Found a hazy altar of Hepliaklqana.
  2807 | D:4      | Reached XP level 5. HP: 43/43 MP: 12/12
  2814 | D:4      | Noticed a black bear
  2830 | D:3      | HP: 2/43 [orc/+0 mace (2)]
  2831 | D:3      | Slain by an orc priest

Illustrated notes

Levels and vault maps discovered:
D:1:      lightli_arrival_statue_moat, layout_loops_ring, grunt_decor_arrowhead,
          chequers_serial_rivers_large_b
D:2:      layout_rooms, ebering_ecumenical_altar_abandoned,
          minmay_shallow_snake_nest
D:3:      layout_basic, mainiacjoe_overflow_boulevard, led_sif_pool,
          mainiacjoe_overflow_24_doors, serial_shops, shop, chequers_jeans,
          wad_floor_pattern_2, hex_tiny
D:4:      layout_basic, grunt_gozag_breadcrumbs,
          nicolae_hepliaklqana_monster_ancestors, kennysheep_generic_room_14,
          uniq_edmund

Skill      XL: |  1  2  3  4 |
---------------+-------------+-----
Spellcasting   | 5 |  5.1
Invocations    | 1 |  1.5
Short Blades   | 1 |  1.3
Axes           | 1 |  1.3
Maces & Flails | 1 |  1.3
Polearms       | 1 |  1.3
Staves         | 1 |  1.3
Ranged Weapons | 1 |  1.3
Stealth        | 1 |  1.3
Shields        | 1 |  1.3
Unarmed Combat | 1 |  1.3
Evocations     | 1 |  1.3
Conjurations   | 1 |  1.1
Hexes          | 1 |  1.1
Summonings     | 1 |  1.1
Necromancy     | 1 |  1.1
Transmutations | 1 |  1.1
Fire Magic     | 1 |  1.1
Ice Magic      | 1 |  1.1
Air Magic      | 1 |  1.1
Earth Magic    | 1 |  1.1
Poison Magic   | 1 |  1.1
Fighting       | |  4.7
Long Blades    | |  4.7
Throwing       | |  2.9
Armour         | |  2.9
Dodging        | |  4.7
Translocations | |  5.5

Action                     |  1- 3 |  4- 6 || total
---------------------------+-------+-------++-------
  Melee: Falchion          |   122 |    85 ||   207
         Bite              |     5 |     9 ||    14
         Punch             |     1 |       ||     1
   Fire: Arbalest          |       |    25 ||    25
   Stab: Sleeping          |     1 |       ||     1
 Armour: Leather armour    |    46 |    18 ||    64
  Dodge: Dodged            |   107 |    66 ||   173

Table legend: (Time is in decaauts)
 A = Elapsed time spent in this place.
 B = Non-inter-level travel time spent in this place.
 C = Inter-level travel time spent in this place.
 D = Time resting spent in this place.
 E = Time spent auto-exploring this place.
 F = Levels seen in this place.
 G = Mean time per level.
                   A        B        C        D        E       F      G
               +--------+--------+--------+--------+--------+-----+--------+
         Total |   2904 |   2792 |    112 |      0 |   2211 |   4 |  726.0 |
       Dungeon |   2904 |   2792 |    112 |      0 |   2211 |   4 |  726.0 |
               +--------+--------+--------+--------+--------+-----+--------+

Top non-repeatable levels by time:
     D:3: 1123 daAuts
     D:1: 995 daAuts
     D:2: 645 daAuts
     D:4: 141 daAuts
